 Dungeon Crawl Stone Soup version 0.29.1-15-g9cfb28693d (webtiles) character file.

Game seed: 8176974672278510

100 bugwipe the Grave Robber (level 4, 0/24 HPs)
             Began as a Deep Elf Necromancer on Mar 22, 2023.
             Slain by an orc
             ... wielding a +0 whip
              (3 damage)
             ... on level 3 of the Dungeon on Mar 23, 2023.
             The game lasted 00:55:44 (2810 turns).

bugwipe the Grave Robber (Deep Elf Necromancer)     Turns: 2810, Time: 00:55:45

Health: 0/24       AC:  4    Str:  3 (5)  XL:     4   Next: 47%
Magic:  12/12      EV: 12    Int: 20 (22) God:
Gold:   169        SH:  0    Dex: 13 (15) Spells: 11/12 levels left

rFire   . . .      SeeInvis .   d - +2 dagger (vamp)
rCold   . . .      Faith    .   (no shield)
rNeg    . . .      Spirit   .   a - +2 robe
rPois   .          Reflect  .   (no helmet)
rElec   .          Harm     .   (no cloak)
rCorr   .          Rampage  .   (no gloves)
Will    .....                   (no boots)
Stlth   ++........              (no amulet)
HPRegen 0.08/turn               (no ring)
MPRegen 0.13/turn               (no ring)

@: about to teleport
A: no striking features
a: no special abilities


You were on level 3 of the Dungeon.
You visited 1 branch of the dungeon, and saw 3 of its levels.

You collected 169 gold pieces.

Inventory:

Hand Weapons
 d - a +2 vampiric dagger (weapon)
Armour
 a - a +2 robe (worn)
 k - the +2 pair of boots "Zeymn" {rElec Will+ Regen+}
   (You found it on level 2 of the Dungeon)

   rElec:     It insulates you from electricity.
   Regen:     It increases your rate of health regeneration.
   Will:      It increases your willpower.
Jewellery
 c - a ring of poison resistance
Scrolls
 g - a scroll of amnesia
 i - a scroll of teleportation
 j - 3 scrolls of vulnerability
Potions
 b - a potion of magic
 e - a potion of flight
 l - a potion of degeneration
 m - a potion of curing {unknown}


   Skills:
 + Level 2.7 Dodging
 + Level 2.7 Stealth
 + Level 4.7 Spellcasting
 + Level 6.0 Necromancy


You had 11 spell levels left.
You knew the following spells:

 Your Spells              Type           Power      Damage    Failure   Level
a - Necrotise             Necr           100%       1d9       1%          1

Your spell library contained the following spells:

 Spells                   Type           Power      Damage    Failure   Level
 Vampiric Draining        Necr           29%        2d8       3%          3
 Animate Dead             Necr           29%        N/A       10%         4
 Ensorcelled Hibernation  Hex/Ice        8%         N/A       19%         2
 Passwall                 Tmut/Erth      3%         N/A       19%         2
 Agony                    Necr           29%        N/A       26%         5
 Swiftness                Air            4%         N/A       34%         3
 Fulminant Prism          Conj/Hex       2%         3d6       75%         4
 Iskenderun's Mystic Bla  Conj/Tloc      4%         2d3       75%         4
 Lee's Rapid Deconstruct  Erth           2%         3d5*      97%         5


Dungeon Overview and Level Annotations

Branches:
Dungeon (3/15)

Altars:


Message History

You're too confused to cast spells.
Unknown command.
Unknown command.
Unknown command.
You're too confused to move!
Your orc priest skeleton misses something.
Something hits you.
The orc hits your orc priest skeleton with a +0 whip.
Your orc priest skeleton is destroyed!
You bump into the rock wall.
You feel much better. Something hits you.
You bump into the rock wall.
The orc hits you with a +0 whip.
The orc priest mumbles some strange prayers to Beogh against you.
Beogh smites you!
Ouch! That really hurt!
* * * LOW HITPOINT WARNING * * *
Something hits you.
* * * LOW HITPOINT WARNING * * *
You are too confused!
Press: ? - help, v - describe, . - travel The floor, spattered with blood.
Unknown command.
Press: ? - help, v - describe, . - travel
Here: an orc priest, wielding a +0 short sword The floor, spattered with blood.
You feel less confused. Something barely misses you.
The orc attacks as you move away! The orc closely misses you.
The orc priest looks satisfied for a moment.
The orc priest looks braver for a moment.
As you read the scroll of identify, it crumbles to dust.
e - a potion of flight The orc hits you but does no damage.
As you read the scroll of teleportation, it crumbles to dust.
You feel strangely unstable.
An orc wizard appears from thin air!
Reactivating autopickup.
The orc priest calls upon Beogh to heal the orc wizard.
The orc wizard is healed somewhat.
The orc wizard closely misses you. The orc hits you with a +0 whip.
You die...

...####)#######
#.........$....
#######.####### #.#
#####o#####
#...oo....#
#.........###
#...o.o.....#
####.>.#@###.#.#
#........###.#.#
#.##...#..(.....
#.##.........#.#
#######.###.^).....#
#.......# ##....####
#.####### #...... #.
#.#
###.########.####
#.# #.# #.......#


You could see 2 orc priests, an orc wizard and 2 orcs.

Vanquished Creatures
  An orc priest (D:3)
  2 worms
  A dart slug (D:2)
  5 orcs (D:3)
  4 bats
  3 endoplasms
  3 giant cockroaches
  4 hobgoblins
  6 jackals
  A quokka (D:2)
  5 ball pythons
  3 frilled lizards
  4 goblins
  2 kobolds
  6 rats
50 creatures vanquished.

Vanquished Creatures (collateral kills)
  An orc (D:3)
  An endoplasm (D:1)
  A goblin (D:1)
  2 rats (D:2)
5 creatures vanquished.

Grand Total: 55 creatures vanquished

Notes
Turn   | Place    | Note
-------+----------+-------------------------------------------
     0 | D:1      | bugwipe the Deep Elf Necromancer began the quest for the
                  | Orb.
     0 | D:1      | Reached XP level 1. HP: 10/10 MP: 6/6
    74 | D:1      | Reached skill level 5 in Necromancy
   202 | D:1      | Reached XP level 2. HP: 15/15 MP: 6/8
  1065 | D:2      | Identified the +2 pair of boots "Zeymn" {rElec Will+
                  | Regen+}
  1185 | D:2      | Reached XP level 3. HP: 19/19 MP: 2/10
  1742 | D:2      | Found a faded altar of an unknown god.
  2778 | D:3      | Reached XP level 4. HP: 24/24 MP: 4/12
  2789 | D:3      | Reached skill level 6 in Necromancy
  2810 | D:3      | Slain by an orc

Illustrated notes

Levels and vault maps discovered:
D:1:      scummos_arrival_simple_crosswalls, layout_basic, serial_glass,
          glass_columns_b, glass_columns_c, glass_columns_b, glass_columns_a,
          minivault_19, minmay_pentomino_s2
D:2:      layout_loops_ring, shapermc_ecumenical_altar_mp_highgroup
D:3:      layout_loops_corners, chequers_serial_rivers_micro_d, uniq_sigmund

Skill      XL: |  1  2  3  4 |
---------------+-------------+-----
Necromancy     | 5 6 |  6.0
Spellcasting   | 4 |  4.7
Dodging        | |  2.7
Stealth        | |  2.7

Action                   |  1- 3 |  4- 6 || total
-------------------------+-------+-------++-------
Melee: Dagger            |       |     3 ||     3
 Cast: Necrotise         |    90 |     6 ||    96
  Use: Scroll            |     6 |     3 ||     9
       Potion            |     4 |     2 ||     6
Armor: Robe              |     4 |     9 ||    13
Dodge: Dodged            |    21 |     5 ||    26
